Map: [TLMC14] Blackburn

Players

RagnaroK (SHIN)

  • Race: Zerg Zerg

Maru - Winner!

  • Race: Terran Terran

Event: DreamHack SC2 Masters Last Chance 2022

VOD

Have the link to the VOD?

Description

Time

  • Played on: Jan. 12, 2022, 8:42 a.m.
  • Length: 20:34

All games in this series

Show
View Real Time Build Order
Export as new Build Order

RagnaroK Zerg 

Build Orders: Hatch First, Brood Lord Corruptor 

Get SALT Encoding   

  12  0:00  Drone  
  13  0:13  Overlord  
  13  0:16  Drone  
  14  0:31  Drone  
  14  0:32  Drone  
  16  0:40  Drone  
  17  0:53  Hatchery  
  17  0:55  Drone  
  17  0:58  Drone  
  18  1:13  Spawning Pool  
  18  1:15  Drone  
  18  1:19  Drone  
  19  1:30  Drone, Extractor  
  19  1:40  Drone  
  20  1:51  Drone  
  21  2:01  Zergling x2  
  21  2:04  Queen x2  
  21  2:05  Zergling x2  
  27  2:13  Overlord  
  27  2:15  Drone  
  28  2:24  Hatchery  
  28  2:29  Drone  
  28  2:32  Drone  
  28  2:39  Drone x2  
  28  2:41  Spore Crawler  
  29  2:45  Drone  
  29  2:47  Queen  
  33  2:54  Overlord  
  33  2:56  Drone  
  34  3:01  Drone  
  35  3:08  Overlord  
  35  3:09  Metabolic Boost  
  35  3:14  Drone  
  35  3:16  Drone  
  37  3:23  Drone x2  
  37  3:24  Drone x2  
  41  3:27  Queen  
  41  3:30  Queen  
  41  3:32  Drone  
  46  3:36  Drone x2  
  48  3:41  Queen  
  50  3:51  Zergling x8  
  50  3:53  Overlord  
  50  3:55  Drone x2  
  56  3:58  Drone  
  56  4:02  Overlord  
  57  4:08  Overlord  
  57  4:11  Queen, Overlord  
  57  4:13  Drone  
  57  4:15  Drone x2  
  62  4:17  Drone  
  62  4:19  Drone  
  62  4:22  Drone  
  65  4:25  Queen  
  65  4:29  Drone x2  
  69  4:32  Baneling Nest  
  69  4:35  Drone x3  
  71  4:41  Drone x5  
  71  4:45  Drone x3  
  79  4:48  Spore Crawler  
  79  4:51  Spore Crawler  
  77  4:52  Spore Crawler  
  77  4:53  Drone x2  
  77  4:57  Lair  
  78  5:00  Extractor  
  78  5:01  Extractor  
  78  5:03  Queen  
  78  5:07  Drone x4  
  78  5:12  Overlord  
  78  5:13  Overlord x2  
  82  5:17  Extractor  
  80  5:22  Overlord  
  80  5:24  Evolution Chamber  
  80  5:26  Evolution Chamber, Overlord  
  78  5:30  Zergling x6  
  78  5:32  Zergling x10  
  78  5:34  Drone x2  
  88  5:42  Drone  
  89  5:43  Drone  
  89  5:44  Hatchery  
  89  5:45  Drone  
  89  5:47  Drone x2  
  89  5:59  Zergling x12  
  89  6:03  Queen x2  
  94  6:04  Drone  
  94  6:08  Drone x3  
  96  6:13  Spire, Extractor x2  
  96  6:15  Drone x4  
  97  6:20  Overseer  
  97  6:25  Zerg Missile Weapons Level 1  
  97  6:27  Zerg Melee Weapons Level 1  
  97  6:29  Drone  
  97  6:30  Roach Warren  
  97  6:32  Drone x2  
  99  6:41  Overlord  
  99  6:46  Overlord  
  99  6:49  Hatchery  
  99  6:51  Overlord  
  98  6:54  Overlord  
  98  6:55  Drone x2  
  98  6:58  Drone x7  
  107  7:03  Queen  
  107  7:05  Drone x3  
  112  7:15  Overlord  
  112  7:20  Glial Reconstitution  
  112  7:21  Infestation Pit  
  111  7:25  Corruptor  
  111  7:26  Corruptor x4  
  111  7:27  Corruptor  
  122  7:34  Corruptor x2  
  126  7:45  Drone x2  
  126  7:48  Drone x3  
  126  7:49  Drone x2  
  130  7:51  Drone x4  
  131  7:58  Drone, Hive  
  131  7:59  Drone x2  
  131  8:00  Drone x3  
  131  8:03  Drone x7  
  131  8:04  Extractor x2  
  137  8:09  Drone x2  
  139  8:14  Roach x2  
  139  8:17  Centrifugal Hooks  
  139  8:18  Roach x3  
  149  8:23  Overlord  
  149  8:25  Zerg Missile Weapons Level 2, Zerg Melee Weapons Level 2  
  149  8:29  Roach x6  
  160  8:38  Drone x4  
  164  8:41  Spore Crawler, Extractor  
  164  8:42  Extractor  
  164  8:43  Pneumatized Carapace  
  160  8:50  Roach x4  
  165  9:01  Overlord x5  
  165  9:04  Spine Crawler  
  165  9:06  Spine Crawler  
  165  9:07  Spine Crawler x2  
  161  9:12  Greater Spire  
  161  9:14  Viper  
  161  9:15  Viper  
  160  9:28  Drone x4  
  163  9:36  Drone x3  
  163  9:37  Drone x2  
  163  9:38  Drone  
  160  9:47  Drone  
  160  9:49  Corruptor  
  160  9:50  Corruptor  
  165  10:08  Corruptor x3  
  164  10:19  Spore Crawler x2  
  164  10:20  Corruptor x6, Spore Crawler  
  170  10:25  Drone x3  
  165  10:39  Drone x2  
  167  10:46  Overlord  
  167  10:49  Overseer x2  
  167  10:50  Brood Lord  
  167  10:51  Brood Lord x9  
  167  10:52  Hatchery  
  186  11:01  Corruptor x2  
  190  11:05  Drone x2  
  190  11:06  Ravager  
  190  11:08  Ravager  
  194  11:15  Corruptor x2  
  198  11:21  Zergling x4  
  196  11:48  Corruptor x2  
  186  11:58  Brood Lord x3  
  186  11:59  Brood Lord  
  186  12:00  Zergling x12  
  200  12:15  Corruptor  
  197  12:17  Corruptor  
  194  12:24  Corruptor x3  
  194  12:26  Zergling x2  
  199  12:31  Overlord x2  
  199  12:33  Overlord  
  190  12:41  Mutalisk x7  
  186  12:58  Mutalisk x4  
  176  13:17  Hatchery  
  168  13:23  Hatchery  
  168  13:25  Zergling x6, Roach x3  
  170  13:27  Hatchery  
  170  13:28  Hatchery  
  140  13:46  Roach x4  
  133  13:49  Roach  
  133  13:55  Roach x5  
  139  14:04  Ravager x3  
  139  14:06  Drone  
  144  14:17  Ravager  
  144  14:22  Ravager  
  144  14:23  Drone x6  
  151  14:31  Ravager, Roach  
  153  14:35  Ravager x4  
  158  14:42  Queen  
  160  14:45  Drone  
  160  14:46  Drone  
  160  14:47  Pathogen Glands  
  160  14:49  Drone x2, Zergling x2, Roach  
  160  14:50  Zergling x6  
  170  14:54  Overlord  
  170  14:55  Zergling x4, Roach  
  170  14:56  Zergling x2  
  175  15:04  Drone x2  
  175  15:05  Drone, Extractor  
  175  15:06  Extractor x2  
  171  15:12  Extractor  
  170  15:22  Drone x2, Spine Crawler  
  170  15:25  Spine Crawler  
  170  15:27  Infestor x3  
  174  15:43  Neural Parasite  
  174  15:47  Ravager x2  
  174  15:49  Drone x3  
  177  15:50  Drone x2  
  177  15:51  Overlord  
  177  15:52  Ravager x2  
  177  15:53  Roach x5  
  186  16:08  Zergling x24, Roach  
  189  16:18  Infestor x3  
  189  16:24  Zergling x6, Roach  
  200  16:31  Burrow  
  180  16:40  Roach x11  
  180  16:41  Roach  
  180  16:46  Zergling x2, Roach  
  194  16:54  Ravager x3  
  194  16:55  Ravager  
  194  17:01  Roach x3  
  176  17:08  Roach  
  176  17:09  Roach x4  
  176  17:13  Roach x3  
  176  17:14  Zergling x2  
  176  17:15  Zergling x16  
  160  17:23  Roach x2  
  160  17:24  Drone  
  160  17:25  Hatchery  
  160  17:27  Roach x2  
  160  17:28  Roach x2  
  170  17:30  Ravager  
  170  17:34  Infestor, Roach x2  
  169  17:39  Roach x2  
  169  17:41  Roach  
  160  17:45  Zergling x4, Roach x3  
  160  17:50  Roach  
  161  17:56  Zergling x6, Roach x4  
  172  18:04  Roach  
  172  18:05  Roach  
  165  18:09  Roach x5  
  148  18:14  Roach x3  
  148  18:17  Hatchery, Zergling x2, Roach  
  147  18:20  Roach x2  
  147  18:22  Zergling x14  
  152  18:42  Infestor x2  
  156  18:49  Drone  
  156  18:50  Drone x3  
  156  18:51  Infestor  
  156  18:53  Extractor  
  152  18:55  Drone x2  
  152  18:56  Drone x4  
  152  18:57  Drone  
  152  18:58  Infestor  
  150  19:03  Drone x2  
  150  19:06  Drone  
  153  19:25  Ravager x4  
  157  19:33  Zergling x2, Roach x2  
  157  19:34  Roach x6  
  170  19:44  Extractor  
  166  19:47  Ravager x4  
  166  19:51  Zergling x2, Roach  
  166  19:52  Zergling x6  
  174  20:01  Roach x4  
  182  20:10  Roach x4  
Show
View Real Time Build Order
Export as new Build Order

Maru Terran - Winner!

Build Orders: Reaper Expand, Mech 

Get SALT Encoding   

  12  0:00  SCV  
  13  0:12  SCV  
  14  0:17  Supply Depot  
  14  0:24  SCV  
  15  0:38  SCV  
  15  0:39  Barracks  
  16  0:43  Refinery  
  16  0:50  SCV  
  17  1:02  SCV  
  18  1:14  SCV  
  19  1:26  Reaper, Orbital Command  
  20  1:39  Command Center  
  20  1:50  Supply Depot  
  20  1:52  SCV  
  21  1:58  Marine  
  22  2:04  SCV  
  23  2:13  Factory  
  23  2:16  SCV  
  23  2:20  Barracks Reactor  
  24  2:28  SCV  
  25  2:40  SCV  
  26  2:47  Command Center  
  26  2:51  Orbital Command  
  26  2:52  SCV  
  27  2:58  Starport  
  27  3:03  Refinery  
  27  3:04  SCV  
  28  3:12  Hellion x2  
  32  3:15  Refinery  
  32  3:16  SCV  
  32  3:18  SCV  
  34  3:28  SCV  
  34  3:31  SCV  
  36  3:37  Hellion x2  
  36  3:39  Viking  
  36  3:40  SCV  
  43  3:43  SCV  
  44  3:52  Fusion Core  
  44  3:53  SCV  
  44  3:55  SCV  
  46  4:01  Orbital Command  
  46  4:05  SCV  
  46  4:09  Starport Tech Lab  
  47  4:12  Hellion x2  
  47  4:14  SCV  
  53  4:17  SCV  
  53  4:21  Supply Depot  
  53  4:26  SCV, Refinery  
  53  4:29  SCV  
  55  4:38  SCV  
  56  4:41  SCV  
  56  4:42  Battlecruiser, Orbital Command  
  56  4:43  Supply Depot  
  63  4:49  Hellion x2  
  63  4:51  SCV  
  68  4:53  SCV  
  69  5:02  Supply Depot  
  69  5:04  SCV  
  69  5:06  Factory  
  69  5:07  Factory  
  70  5:08  Supply Depot  
  70  5:10  SCV  
  70  5:11  SCV  
  72  5:16  Hellion x2  
  72  5:17  SCV  
  77  5:23  SCV  
  77  5:24  Supply Depot  
  78  5:32  Armory  
  78  5:33  SCV  
  78  5:35  SCV x2, Armory  
  81  5:40  Hellion  
  81  5:41  Hellion  
  85  5:49  SCV  
  86  5:50  SCV x2  
  88  5:57  Battlecruiser  
  88  6:02  SCV x2  
  88  6:03  SCV  
  84  6:04  Hellion  
  84  6:05  Factory Tech Lab  
  82  6:12  Factory Tech Lab  
  82  6:14  SCV x2  
  82  6:15  SCV  
  85  6:21  Refinery x2, Terran Vehicle Weapons Level 1  
  85  6:24  Supply Depot  
  85  6:26  Supply Depot, SCV x2, Terran Vehicle And Ship Armor Level 1  
  85  6:27  SCV  
  85  6:32  Engineering Bay  
  88  6:36  Siege Tank x2  
  88  6:38  SCV  
  95  6:41  Hellion  
  95  6:42  Hellion  
  95  6:43  SCV  
  95  6:44  Supply Depot  
  100  6:50  Weapon Refit  
  100  6:51  SCV x2  
  102  6:56  SCV  
  103  7:03  SCV x2, Command Center  
  105  7:12  Battlecruiser  
  111  7:19  Siege Tank  
  114  7:24  Supply Depot, Siege Tank  
  114  7:27  Missile Turret  
  114  7:29  SCV  
  119  7:30  SCV  
  119  7:33  Infernal Pre-Igniter  
  119  7:35  Hellion x2  
  119  7:36  SCV  
  124  7:43  Supply Depot x2, Missile Turret  
  124  7:44  Supply Depot  
  124  7:51  SCV  
  124  7:52  SCV x2  
  124  7:57  Siege Tank x2  
  133  8:04  Hellion x2  
  137  8:07  Factory  
  137  8:08  Missile Turret  
  137  8:09  Missile Turret  
  137  8:10  Factory, SCV x2  
  139  8:15  Missile Turret  
  139  8:18  SCV  
  140  8:21  Terran Vehicle Weapons Level 2  
  140  8:22  SCV x2  
  140  8:26  Hellion x2  
  144  8:29  Supply Depot, Siege Tank  
  144  8:30  Missile Turret, SCV  
  144  8:31  Terran Vehicle And Ship Armor Level 2  
  148  8:41  Missile Turret  
  148  8:42  Refinery  
  148  8:43  Missile Turret, Refinery  
  148  8:54  Siege Tank, Factory Tech Lab, Factory Reactor  
  151  9:01  SCV, Planetary Fortress, Siege Tank  
  151  9:02  Missile Turret, SCV  
  156  9:04  Missile Turret  
  156  9:10  Command Center  
  156  9:17  Hellion x2, Siege Tank  
  163  9:26  Siege Tank  
  163  9:27  Command Center  
  166  9:36  Thor  
  160  9:41  Hellion x2  
  160  9:42  Hellion x2  
  160  9:44  Factory  
  160  9:49  Thor  
  164  9:57  Factory, Supply Depot  
  164  9:58  Supply Depot, Thor  
  170  10:03  Hellion x2  
  174  10:08  Sensor Tower x2  
  174  10:19  Thor  
  180  10:30  Hellion x3  
  180  10:31  Factory Tech Lab, Thor  
  180  10:33  Missile Turret, Smart Servos  
  192  10:41  Command Center  
  192  10:42  Orbital Command  
  192  10:47  Terran Vehicle Weapons Level 3  
  192  10:52  Command Center  
  192  10:57  Missile Turret  
  192  10:58  Missile Turret x2, Refinery  
  192  10:59  Refinery  
  192  11:04  Thor  
  196  11:20  Factory Tech Lab  
  196  11:38  Terran Vehicle And Ship Armor Level 3  
  192  11:45  Thor x2  
  192  11:56  Thor  
  192  11:59  Thor  
  198  12:03  Thor  
  190  12:14  Hellion x2  
  164  12:23  Hellion x2  
  164  12:28  Thor x2  
  158  12:38  Hellion  
  158  12:39  Thor  
  158  12:42  Thor  
  161  12:46  Thor  
  130  13:03  Orbital Command x2  
  117  13:11  Thor  
  120  13:21  Thor x7  
  120  13:25  SCV, Thor  
  127  13:28  Engineering Bay  
  127  13:30  SCV x2  
  114  13:42  Thor  
  120  13:49  SCV x2  
  126  13:56  SCV x2  
  126  14:01  SCV x2  
  129  14:06  Orbital Command  
  129  14:08  SCV  
  129  14:09  SCV  
  137  14:13  SCV  
  138  14:22  Engineering Bay  
  144  14:28  SCV  
  145  14:35  Siege Tank  
  145  14:36  Siege Tank x3  
  139  14:40  SCV  
  139  14:41  Hellion, SCV x4  
  139  14:45  Battlecruiser  
  152  14:50  Refinery  
  152  14:51  Missile Turret  
  152  14:52  SCV  
  153  14:53  Supply Depot, SCV  
  153  15:02  Hellion  
  153  15:04  SCV  
  156  15:08  Siege Tank x2  
  156  15:12  Supply Depot  
  156  15:13  Supply Depot  
  162  15:15  SCV, Siege Tank x2  
  162  15:16  SCV x2  
  169  15:23  Hellion  
  171  15:30  Supply Depot  
  171  15:40  Siege Tank x2  
  176  15:45  Hellion  
  176  15:47  Siege Tank x2  
  179  16:06  Hellion  
  181  16:12  Missile Turret, Siege Tank x2  
  181  16:13  Command Center  
  181  16:14  Missile Turret  
  173  16:19  Siege Tank x2  
  179  16:28  Hellion  
  181  16:33  SCV x2  
  179  16:44  Siege Tank x2  
  179  16:49  Hellion  
  179  16:51  Siege Tank x2  
  179  16:52  SCV x2  
  189  16:55  Factory  
  189  16:56  Factory  
  181  17:10  Hellion  
  153  17:16  Siege Tank, Thor  
  153  17:22  SCV  
  163  17:23  Siege Tank, Thor  
  172  17:32  Hellion, SCV  
  170  17:37  Command Center  
  170  17:41  Medivac  
  166  17:48  Thor  
  166  17:49  Hellion x2  
  170  17:53  Hellion  
  170  17:55  Thor  
  170  17:59  Thor  
  161  18:06  Thor  
  161  18:10  Hellion x2  
  144  18:17  Hellion  
  144  18:18  Battlecruiser  
  146  18:29  Orbital Command  
  146  18:31  Hellion x2, Thor  
  146  18:32  SCV x4  
  146  18:33  SCV x2  
  162  18:38  Thor  
  167  18:41  Thor  
  171  18:50  Siege Tank  
  171  18:51  Hellion  
  176  19:02  Planetary Fortress  
  170  19:04  Missile Turret  
  170  19:05  Missile Turret  
  170  19:06  Missile Turret  
  170  19:14  Siege Tank  
  173  19:21  Siege Tank  
  173  19:22  Siege Tank, Raven  
  181  19:25  Siege Tank  
  174  19:46  Siege Tank  
  177  19:54  Siege Tank  
  177  19:57  Hellion, Siege Tank  
  177  19:59  Factory Tech Lab x2  
  185  20:04  Factory  
  197  20:08  Missile Turret  

Tags
 
Add a new tag
Caveats
  • Supply blocks, unpowered buildings, or Contaminate may cause inaccurate times.
  • Supply counts are checked every 10 seconds.